AoeStats
← mojro

Arena

507995119Analyzed
2v2 RM · 12d ago on Sep 20, 2026· 40m 42s· 4 players
Game mode
Random Map
Map size
Medium (4 player)
Population
200
Speed
Normal
Resources
Standard
Victory
Conquest
Starting age
Dark Age
Ending age
Imperial Age
RankedLock teamsTeams togetherTeam positionsShared explorationLock speedFull tech treeHidden civsTurbo modeCheats
Victory
Defeat
🇨🇿 Britons · Czechia
960
+15
🇦🇹 Spanish · Austria
930
+16
🇨🇳 Georgians · China
954
-16
🇺🇾 Khmer · Uruguay
913
-15
Kitty With A Relic
11:23 Feudal Age
14:46 Double-Bit Axe
14:47 Horse Collar
17:10 Castle Age
16:20 Gold Mining
16:32 Stone Mining
23:51 Wheelbarrow
23:02 Loom
25:13 Fervor
26:00 Hand Cart
25:31 Town Watch
29:22 Bow Saw
29:13 Heavy Plow
29:50 Stone Shaft Mining
32:40 Imperial Age
30:14 Pikeman
30:55 Squires
31:19 Arson
32:05 Scale Barding Armor
32:00 Scale Mail Armor
32:11 Forging
31:52 Fletching
32:31 Town Patrol
32:57 Husbandry
33:11 Bloodlines
34:24 Chemistry
33:45 Ballistics
33:45 Chain Mail Armor
34:00 Block Printing
34:13 Illumination
34:24 Theocracy
34:26 Conscription
36:10 Two-Man Saw
35:32 Chain Barding Armor
35:48 Iron Casting
36:27 Inquisition
36:48 Supremacy
37:30 Hoardings
36:26 Halberdier
38:58 Plate Mail Armor
39:28 Blast Furnace
39:04 Plate Barding Armor
38:25 Bodkin Arrow
39:45 Cavalier
mojro
12:12 Feudal Age
15:45 Castle Age
13:47 Horse Collar
13:57 Double-Bit Axe
16:44 Wheelbarrow
17:10 Heavy Plow
17:24 Bow Saw
23:30 Stone Mining
23:38 Loom
24:15 Gold Mining
25:42 Hand Cart
26:15 Gold Shaft Mining
26:44 Town Watch
29:34 Imperial Age
27:13 Treadmill Crane
27:28 Murder Holes
27:44 Masonry
27:55 Ballistics
28:15 Pikeman
28:56 Squires
28:41 Arson
29:04 Scale Mail Armor
29:15 Forging
28:55 Fletching
29:06 Padded Archer Armor
30:08 Chain Mail Armor
29:48 Halberdier
30:35 Warwolf
32:43 Two-Man Saw
33:19 Plate Mail Armor
33:25 Iron Casting
34:02 Conscription
34:04 Yeomen
38:03 Blast Furnace
36:59 Bodkin Arrow
37:20 Leather Archer Armor
carle huss
11:19 Feudal Age
15:04 Castle Age
13:48 Double-Bit Axe
13:49 Horse Collar
14:29 Stone Mining
17:09 Bow Saw
25:17 Heavy Plow
28:08 Tusk Swords
28:23 Scale Barding Armor
29:13 Wheelbarrow
29:15 Ballistics
33:04 Imperial Age
32:18 Hand Cart
33:39 Husbandry
33:50 Bloodlines
34:37 Double Crossbow
35:11 Conscription
36:17 Gold Mining
39:52 Chemistry
39:37 Siege Engineers
40:50 Devotion
lorry7138
0:27 Loom
9:38 Feudal Age
11:23 Wheelbarrow
10:31 Horse Collar
10:42 Double-Bit Axe
17:01 Castle Age
16:19 Stone Mining
17:08 Town Watch
18:18 Stone Shaft Mining
18:03 Bow Saw
18:18 Heavy Plow
19:42 Gold Mining
22:21 Treadmill Crane
24:35 Forging
26:28 Scale Barding Armor
27:07 Fervor
31:52 Imperial Age
31:03 Husbandry
31:14 Bloodlines
32:27 Iron Casting
32:13 Chain Barding Armor
31:55 Fletching
32:33 Hand Cart
34:00 Padded Archer Armor
35:18 Blast Furnace
34:21 Scale Mail Armor
33:45 Elite Skirmisher
35:18 Murder Holes
36:06 Crossbowman
38:11 Conscription
39:14 Bodkin Arrow
Connection lost

Rejoining the realm…

Still unreachable

The connection could not be restored.

Session expired

The server has moved on; the page needs a fresh start.